 Dungeon Crawl Stone Soup version 0.25-a0-1024-gbfbf38f (webtiles) character file.

Game seed: 14743328061018232365, levelgen mode: deterministic

23154 Illumine the Thaumaturge (level 12, -17/71 HPs)
             Began as a Deep Elf Fire Elementalist on May 12, 2020.
             Was a High Priest of Vehumet.
             Demolished by Rupert
             ... wielding a +4 great mace of draining
              (21 damage)
             ... on level 5 of the Lair of Beasts.
             The game lasted 00:50:15 (18629 turns).

Illumine the Thaumaturge (DEFE)                    Turns: 18629, Time: 00:50:16

Health: -17/71     AC: 12    Str:  5    XL:     12   Next: 69%
Magic:  22/38      EV: 13    Int: 26    God:    Vehumet [*****.]
Gold:   871        SH:  0    Dex: 15    Spells: 1/33 levels left

rFire    . . .     SeeInvis +   W - staff of wizardry
rCold    . . .     Gourm    +   (no shield)
rNeg     + . .     Faith    .   f - +1 ring mail of Releneni {rPois rN+ rCorr}
rPois    +         Spirit   .   O - +1 helmet {SInv}
rElec    .         Reflect  .   L - +0 cloak
rCorr    +         Harm     .   (no gloves)
MR       +....                  H - +0 pair of boots
Stlth    +.........             B - amulet of the gourmand
HPRegen  0.21/turn              l - ring of wizardry
MPRegen  0.26/turn              h - ring of magical power

@: frozen ramparts, studying Armour, drained
A: no striking features
a: Renounce Religion


You were on level 5 of the Lair of Beasts.
You worshipped Vehumet.
Vehumet was extremely pleased with you.
You were very full.

You visited 2 branches of the dungeon, and saw 13 of its levels.
You also visited: Bailey.

You collected 871 gold pieces.

Inventory:

Hand Weapons
 a - a +5 morningstar
 e - a +0 short sword
 t - a +0 longbow
 E - the +5 executioner's axe of Breach {antimagic, Int+3}
   (You found it in a bailey)

   It reduces the magical energy of the wielder, and disrupts the spells and
   magical abilities of those hit.
   Natural abilities and divine invocations are not affected.
   It affects your intelligence (+3).
 F - a +2 long sword of holy wrath
 R - a +0 war axe of flaming
Missiles
 v - 160 arrows
 w - 22 boomerangs (quivered)
 C - 7 poisoned darts
Armour
 f - the +1 ring mail of Releneni (worn) {rPois rN+ rCorr}
   (You found it on level 1 of the Lair of Beasts)

   It protects you from poison.
   It protects you from negative energy.
   It provides partial protection from all sources of acid and corrosion.
 g - a +2 chain mail of poison resistance
 m - the +0 helmet of the Pink Corner {rC+}
   (You found it on level 7 of the Dungeon)

   It protects you from cold.
 q - a +1 robe of fire resistance
 H - a +0 pair of boots (worn)
 L - a +0 cloak (worn)
 O - a +1 helmet of see invisible (worn)
Magical Staves
 K - an uncursed staff of summoning
 W - an uncursed staff of wizardry (weapon)
Jewellery
 h - a ring of magical power (right hand)
 i - an uncursed ring of positive energy
 l - a ring of wizardry (left hand)
 r - an uncursed ring of see invisible
 B - an amulet of the gourmand (around neck)
 D - an uncursed amulet of harm
 I - an uncursed ring of teleportation
 M - an uncursed ring of flight
Wands
 J - a wand of paralysis (10)
 Q - a wand of digging (13)
 X - a wand of polymorph (16)
Scrolls
 d - 3 scrolls of teleportation
 p - 6 scrolls of remove curse
 u - 3 scrolls of enchant armour
 x - 3 scrolls of fear
 N - 2 scrolls of enchant weapon {unknown}
 P - a scroll of fog
 U - a scroll of summoning {unknown}
 V - a scroll of magic mapping {unknown}
 Y - 3 scrolls of brand weapon
 Z - a scroll of amnesia
Potions
 b - 7 potions of curing
 j - 3 potions of might
 k - 2 potions of haste
 n - 5 potions of heal wounds
 o - 3 potions of stabbing
 s - a potion of ambrosia
 z - 2 potions of resistance
 A - 2 potions of invisibility
 G - 3 potions of flight
 T - a potion of mutation
Books
 y - a manual of Armour
Comestibles
 c - 27 rations


   Skills:
 + Level 6.8(5.9) Fighting
 - Level 3.0(2.2) Long Blades
 + Level 7.2(6.3) Armour
 + Level 10.1(9.2) Dodging
 - Level 2.4(1.6) Stealth
 + Level 11.0(10.0) Spellcasting
 + Level 9.1(8.2) Conjurations
 + Level 3.9(3.1) Summonings
 + Level 9.7(8.7) Fire Magic
 + Level 7.9(7.0) Ice Magic
 - Level 2.0(1.3) Air Magic
 - Level 2.2(1.4) Earth Magic


You had one spell level left.
You knew the following spells:

 Your Spells              Type           Power        Failure   Level  Hunger
a - Foxfire               Conj/Fire      ####         1%          1    None
b - Conjure Flame         Conj/Fire      ######..     1%          3    None
c - Sticky Flame          Conj/Fire      ######..     1%          4    None
d - Frozen Ramparts       Ice            #####.       1%          3    None
e - Fireball              Conj/Fire      ######....   1%          5    ####...
f - Bolt of Magma         Conj/Fire/Erth #####.....   4%          5    ####...
g - Summon Lightning Spi  Summ/Air       ###.....     17%         4    None
h - Orb of Destruction    Conj           ######....   41%         7    #######

Your spell library contained the following spells:

 Spells                   Type           Power        Failure   Level  Hunger
 Freeze                   Ice            ####         1%          1    None
 Magic Dart               Conj           ####         1%          1    None
 Sandblast                Erth           ###...       1%          1    None
 Summon Small Mammal      Summ           ####         1%          1    None
 Searing Ray              Conj           ######       1%          2    None
 Dazzling Flash           Conj/Hex       ####..       1%          3    None
 Inner Flame              Hex/Fire       #####...     1%          3    None
 Stone Arrow              Conj/Erth      #####.       1%          3    None
 Hailstorm                Conj/Ice       ######..     1%          4    None
 Call Imp                 Summ           ####....     2%          2    None
 Ozocubu's Armour         Chrm/Ice       ####....     3%          3    None
 Call Canine Familiar     Summ           ####....     4%          3    None
 Fulminant Prism          Conj/Hex       ####......   4%          4    None
 Iskenderun's Mystic Bla  Conj/Tloc      ####....     4%          4    None
 Passwall                 Tmut/Erth      ###.....     5%          2    None
 Summon Ice Beast         Ice/Summ       #####...     6%          4    None
 Summon Guardian Golem    Hex/Summ       ###.....     7%          3    None
 Lee's Rapid Deconstruct  Erth           ###.......   26%         5    ####...
 Petrify                  Tmut/Erth      ###.....     32%         4    None


Dungeon Overview and Level Annotations

Branches:
Dungeon (8/15)             Temple (0/1) D:6            Lair (5/6) D:8
 Shoals (0/4) Lair:4       Spider (0/4) Lair:4       Bailey (visited)
  Slime: Lair:5-6

Altars:
Ashenzari
Dithmenos
Elyvilon
Fedhas
Hepliaklqana
Kikubaaqudgha
Makhleb
Okawaru
Sif Muna
Vehumet

Annotations:
Lair:5 Rupert


Message History

Your lightning spire is destroyed!
Rupert burns!
Rupert rages.
Unknown command.
Casting: Summon Lightning Spire (dangerous; 16% risk of failure)
Confirm with . or Enter, or press ? or * to list all spells.
The walls around you are covered in ice.
Rupert burns!
Rupert burns!
Rupert hits you with a +4 great mace of draining!
You partially resist.
You feel drained.
Rupert burns!
Rupert completely misses you.
Rupert burns!
Rupert burns!
Rupert stops burning.
Rupert hits you with a +4 great mace of draining!!
* * * LOW HITPOINT WARNING * * *
You partially resist.
You feel drained.
* * * LOW HITPOINT WARNING * * *
Rupert hits you with a +4 great mace of draining!!
You die...

#....P...........#
#................#
#.................
#.................
#.................
#.................
#.................
#.................
#@................
#@................
#.................
#...........[.....
#.................
#.................
#...P#..##........
###########.#.....
##.....


You could see Rupert (berserk).

Vanquished Creatures
  3 hydras
  A two-headed ogre (D:6)
  Nergalle (Lair:2)
  Maurice (D:8)
  6 elephants (Lair:4)
  2 black mambas
  5 spiny frogs
  A rime drake (Lair:5)
  3 komodo dragons
  A polar bear (Lair:5)
  14 blink frogs
  A hippogriff (Lair:5)
  A spriggan (D:8)
  A wyvern (Lair:4)
  24 yaks
  2 basilisks
  9 water moccasins
  8 porcupines
  12 orc warriors
  A necrophage (D:8)
  2 ice beasts
  A phantom (D:6)
  An ogre (D:6)
  A sky beast (D:5)
  11 wolves
  10 centaurs
  6 crocodiles
  A big kobold (D:8)
  10 bullfrogs
  2 scorpions (D:8)
  5 wights (D:7)
  An electric eel (Lair:2)
  A crimson imp (D:6)
  A centaur zombie (D:8)
  3 orc priests
  2 jellies
  8 orc wizards
  Terence (D:2)
  2 iguanas
  5 worker ants
  A hound zombie (D:5)
  9 gnolls
  A howler monkey skeleton (D:6)
  4 adders
  A shadow imp (D:5)
  3 oozes
  An adder skeleton (D:4)
  An adder zombie (D:6)
  2 dart slugs
  4 worms
  3 leopard geckos
  48 orcs
  A ball python (D:3)
  6 bats
  10 giant cockroaches
  8 goblins
  6 hobgoblins
  7 jackals
  3 quokkas
  5 frilled lizards
  9 kobolds
  A quokka skeleton (D:4)
  10 rats
  A fungus (Lair:2)
316 creatures vanquished.

Vanquished Creatures (collateral kills)
  A rat (D:3)
1 creature vanquished.

Vanquished Creatures (others)
  618 foxfires
  12 fungi
  13 plants
643 creatures vanquished.

Grand Total: 960 creatures vanquished

Notes
Turn   | Place    | Note
-------+----------+-------------------------------------------
     0 | D:1      | Illumine the Deep Elf Fire Elementalist began the quest for
                  | the Orb.
     0 | D:1      | Reached XP level 1. HP: 10/10 MP: 6/6
   186 | D:1      | Reached XP level 2. HP: 12/15 MP: 8/8
   806 | D:2      | Noticed Terence
   995 | D:2      | Noticed a centaur
  1025 | D:3      | Reached XP level 3. HP: 20/20 MP: 7/9
  1045 | D:3      | Learned a level 3 spell: Conjure Flame
  1352 | D:3      | Reached skill level 1 in Fighting
  1526 | D:3      | Reached XP level 4. HP: 25/25 MP: 9/11
  1538 | D:3      | Learned a level 4 spell: Sticky Flame
  1938 | D:3      | Found a radiant altar of Vehumet.
  1947 | D:3      | Became a worshipper of Vehumet
  2157 | D:3      | Reached skill level 4 in Spellcasting
  2157 | D:3      | Reached XP level 5. HP: 29/29 MP: 5/13
  2523 | D:3      | Noticed a shadow
  2524 | D:3      | Found a shadowy altar of Dithmenos.
  2525 | D:3      | Found a hazy altar of Hepliaklqana.
  2754 | D:2      | Killed Terence
  3227 | D:2      | Killed a centaur
  3227 | D:2      | Reached XP level 6. HP: 18/35 MP: 4/14
  4158 | D:4      | Found a burning altar of Makhleb.
  4501 | D:5      | Entered Level 5 of the Dungeon
  4810 | D:5      | Reached skill level 5 in Spellcasting
  5078 | D:5      | Reached * piety under Vehumet
  5078 | D:5      | Offered knowledge of Sandblast by Vehumet.
  5078 | D:5      | Reached XP level 7. HP: 36/40 MP: 13/16
  5109 | D:5      | You fall into a shaft and drop 1 floor!
  5146 | D:6      | Found an iron altar of Okawaru.
  5246 | D:5      | Found a white marble altar of Elyvilon.
  5447 | D:5      | Reached skill level 1 in Long Blades
  5447 | D:5      | Reached skill level 5 in Fire Magic
  5605 | D:5      | Found a blossoming altar of Fedhas.
  6407 | D:6      | Found a staircase to the Ecumenical Temple.
  6741 | D:6      | Reached skill level 5 in Dodging
  6747 | D:6      | Learned a level 3 spell: Frozen Ramparts
  7067 | D:6      | Noticed a two-headed ogre
  7114 | D:6      | Reached XP level 8. HP: 46/46 MP: 18/18
  7128 | D:6      | Reached skill level 1 in Ice Magic
  7383 | D:6      | Killed a two-headed ogre
  7383 | D:6      | Reached skill level 6 in Spellcasting
  7383 | D:6      | Reached skill level 5 in Conjurations
  7589 | D:7      | Got an ancient helmet
  7655 | D:7      | Identified the cursed +0 helmet of the Pink Corner {rC+}
                  | (You found it on level 7 of the Dungeon)
  7671 | D:7      | Found a flagged portal.
  7698 | Bailey   | Entered a bailey
  7804 | Bailey   | Offered knowledge of Searing Ray by Vehumet.
  7955 | Bailey   | Reached XP level 9. HP: 52/52 MP: 21/21
  7967 | Bailey   | Reached ** piety under Vehumet
  7983 | Bailey   | Reached skill level 7 in Spellcasting
  8888 | Bailey   | Learned a level 5 spell: Fireball
  9669 | Bailey   | Got a shimmering executioner's axe
  9899 | D:7      | Reached skill level 8 in Spellcasting
 10139 | D:7      | Identified the +5 executioner's axe of Breach {antimagic,
                  | Int+3} (You found it in a bailey)
 10591 | D:7      | Reached skill level 1 in Armour
 10949 | D:8      | Offered knowledge of Dazzling Flash by Vehumet.
 11093 | D:8      | Found a staircase to the Lair.
 11112 | D:8      | Reached XP level 10. HP: 58/58 MP: 24/24
 11198 | D:8      | Reached skill level 5 in Ice Magic
 11401 | D:8      | Reached *** piety under Vehumet
 11454 | D:8      | Reached skill level 5 in Fighting
 11712 | D:8      | Noticed Maurice
 11822 | D:8      | Offered knowledge of Airstrike by Vehumet.
 11937 | D:8      | Killed Maurice
 12261 | D:8      | Reached skill level 9 in Spellcasting
 12414 | D:8      | Found a shimmering blue altar of Sif Muna.
 12417 | D:8      | Found a shattered altar of Ashenzari.
 12420 | D:8      | Found an ancient bone altar of Kikubaaqudgha.
 12486 | D:8      | Noticed a purple ugly thing
 12546 | Lair:1   | Entered Level 1 of the Lair of Beasts
 12577 | Lair:1   | Noticed a five-headed hydra
 12599 | Lair:1   | Killed a five-headed hydra
 12739 | Lair:1   | Noticed a spiny frog
 12748 | Lair:1   | Killed a spiny frog
 13327 | Lair:1   | Reached XP level 11. HP: 50/63 MP: 26/26
 13646 | Lair:1   | Got a smoking ring mail
 14366 | Lair:2   | Reached **** piety under Vehumet
 14917 | Lair:2   | Noticed Nergalle
 14924 | Lair:2   | Reached skill level 5 in Armour
 14937 | Lair:2   | Killed Nergalle
 15043 | Lair:2   | Identified the +1 ring mail of Releneni {rPois rN+ rCorr}
                  | (You found it on level 1 of the Lair of Beasts)
 15091 | Lair:2   | Offered knowledge of Bolt of Magma by Vehumet.
 15104 | Lair:2   | Learned a level 5 spell: Bolt of Magma
 15342 | Lair:2   | Reached skill level 10 in Spellcasting
 15342 | Lair:2   | Reached skill level 1 in Earth Magic
 15566 | Lair:2   | Noticed a catoblepas
 15596 | Lair:3   | Learned a level 4 spell: Summon Lightning Spire
 15817 | Lair:3   | Reached skill level 1 in Summonings
 15817 | Lair:3   | Reached skill level 1 in Air Magic
 16411 | Lair:4   | Noticed a five-headed hydra
 16431 | Lair:4   | Killed a five-headed hydra
 16479 | Lair:4   | Noticed a four-headed hydra
 16498 | Lair:4   | Killed a four-headed hydra
 16498 | Lair:4   | Reached XP level 12. HP: 56/70 MP: 27/28
 16611 | Lair:4   | Found a hole to the Spider Nest.
 17037 | Lair:4   | Found a staircase to the Shoals.
 17689 | Lair:4   | Reached skill level 10 in Dodging
 17691 | Lair:4   | Reached ***** piety under Vehumet
 17691 | Lair:4   | Offered knowledge of Orb of Destruction by Vehumet.
 17730 | Lair:4   | Learned a level 7 spell: Orb of Destruction
 18341 | Lair:5   | Reached skill level 11 in Spellcasting
 18609 | Lair:5   | Noticed Rupert
 18627 | Lair:5   | HP: 3/71 [Rupert/+4 great mace of draining (2)]
 18629 | Lair:5   | Demolished by Rupert

Illustrated notes

Levels and vault maps discovered:
D:1:      evilmike_arrival_home_sweet_home, layout_basic, serial_glass,
          glass_columns_c, glass_columns_a, glass_columns_a, glass_columns_a,
          glass_columns_b, glass_columns_c, glass_columns_b, glass_columns_c,
          glass_columns_a, glass_columns_a, glass_columns_a, glass_columns_a,
          glass_columns_b, glass_columns_c, item_on_display_b,
          minmay_strange_pillars
D:2:      wad_lake_hut, layout_rooms, first_ration,
          hangedman_decor_clover_reticule, chequers_serial_rivers_small_a,
          uniq_terence
D:3:      layout_basic, riverfiend_overflow_shadow_ancestor, old_standard_altar,
          minmay_box_of_dots
D:4:      layout_gridville, kennysheep_mini
D:5:      layout_layer_cave, elyvilon_altar_3, fedhas_ov_isle_minmay
D:6:      layout_layer_cave, okawaru_trees_2, minmay_temple_entry_arrows
D:7:      layout_basic, enter_bailey_7
D:8:      layout_loops_ring, grunt_temple_overflow_diamond,
          kennysheep_mini_moat, minmay_lair_entry_grove, the_bakery,
          nicolae_ru_path_of_blood, uniq_maurice
Lair:1:   layout_layer_cave
Lair:2:   layout_long_grid, st_stairs_3, nicolae_quartered_pool_medium,
          uniq_nergalle
Lair:3:   layout_loops_ring
Lair:4:   layout_loops_ring, shoals_dummy_entry,
          nicolae_spider_entry_non_spiders
Lair:5:   layout_hall_layers, grunt_megastairs_1, uniq_rupert

Skill      XL: |  1  2  3  4  5  6  7  8  9 10 11 12 |
---------------+-------------------------------------+-----
Dodging        | 3 4 5 6 7 8 9 10 | 10.1
Fighting       | 1 2 3 4 5 6 |  6.8
Conjurations   | 2 3 4 5 6 7 8 9 |  9.1
Fire Magic     | 4 5 6 7 8 9 |  9.7
Spellcasting   | 4 5 6 8 9 10 11 | 11.0
Long Blades    | 1 3 |  3.0
Ice Magic      | 2 4 6 7 |  7.9
Armour         | 1 4 6 7 |  7.2
Earth Magic    | 1 2 |  2.2
Summonings     | 2 3 |  3.9
Air Magic      | 2 |  2.0
Stealth        | |  2.4

Action                   |  1- 3 |  4- 6 |  7- 9 | 10-12 || total
-------------------------+-------+-------+-------+-------++-------
Melee: Short sword       |    11 |     2 |       |       ||    13
       Long sword        |       |     2 |    17 |    76 ||    95
       Staff             |       |       |       |     3 ||     3
 Fire: Hunting sling     |       |     5 |       |       ||     5
 Cast: Foxfire           |    57 |   111 |   191 |    33 ||   392
       Sticky Flame      |       |     3 |    18 |    90 ||   111
       Frozen Ramparts   |       |       |    18 |    70 ||    88
       Conjure Flame     |       |       |     5 |     4 ||     9
       Fireball          |       |       |     1 |       ||     1
       Bolt of Magma     |       |       |       |     7 ||     7
       Summon Lightning  |       |       |       |     2 ||     2
  Use: Scroll            |       |       |    21 |     6 ||    27
       Potion            |       |       |       |     1 ||     1
 Stab: Sleeping          |     1 |       |     2 |     1 ||     4
  Eat: Chunk             |     2 |    11 |    27 |    26 ||    66
Armor: Robe              |     2 |     7 |     7 |     6 ||    22
       Ring mail         |       |       |       |    38 ||    38
Dodge: Dodged            |    15 |    33 |    79 |   121 ||   248
       Rpst.: Long sword |       |     3 |    11 |    41 ||    55

Table legend:
 A = Non-vault XP
 B = Vault XP
 C = Vault XP percentage of total XP
 D = Non-vault monster count
 E = Vault monster count
 F = Vault count percentage of total count
                 A         B        C        D         E       F
            +---------+---------+-------+---------+---------+-------
      Total |   26070 |    7008 |  21.2 |     238 |      78 |  24.7
            +---------+---------+-------+---------+---------+-------
        D:1 |      26 |       0 |   0.0 |      17 |       0 |   0.0
        D:2 |     138 |      36 |  20.7 |      18 |       1 |   5.3
        D:3 |     199 |      10 |   4.8 |      27 |       5 |  15.6
        D:4 |     110 |       0 |   0.0 |      16 |       0 |   0.0
        D:5 |     382 |       0 |   0.0 |      18 |       0 |   0.0
        D:6 |    1542 |       0 |   0.0 |      10 |       0 |   0.0
        D:7 |     482 |      44 |   8.4 |      10 |       4 |  28.6
        D:8 |    1093 |    2643 |  70.7 |      32 |      15 |  31.9
     Lair:1 |    3236 |       0 |   0.0 |      13 |       0 |   0.0
     Lair:2 |    3543 |    1004 |  22.1 |      23 |       2 |   8.0
     Lair:3 |    2304 |       0 |   0.0 |       8 |       0 |   0.0
     Lair:4 |   10339 |      91 |   0.9 |      33 |       8 |  19.5
     Lair:5 |    2676 |     895 |  25.1 |      13 |       4 |  23.5
     Bailey |       0 |    2285 | 100.0 |       0 |      39 | 100.0
            +---------+---------+-------+---------+---------+-------
